 Dungeon Crawl Stone Soup version 0.19-a0-1490-g5dd3618 (webtiles) character file.

511 Amnesiac the Insei (level 7, -4/46 HPs)
             Began as an Octopode Transmuter on Sept 8, 2016.
             Slain by a wight
             ... wielding a cursed +0 scimitar
              (10 damage)
             ... on level 4 of the Dungeon.
             The game lasted 00:05:34 (1880 turns).

Amnesiac the Insei (Octopode Transmuter)            Turns: 1880, Time: 00:05:34

Health: -4/46      AC:  2    Str:  9 (11) XL:     7   Next: 19%
Magic:  9/11       EV: 21    Int: 14 (16) God:
Gold:   94         SH:  0    Dex: 17 (19) Spells: 3 memorised, 6 levels left

rFire  . . .     SeeInvis .       - Unarmed
rCold  . . .     Gourm    .     (shield currently unavailable)
rNeg   . . .     Faith    .     (helmet currently unavailable)
rPois  x         Spirit   .     (no amulet)
rElec  .         Dismiss  .     e - +2 ring of strength
rCorr  .         Reflect  .     (no ring)
MR     .....     Harm     .     (no ring)
Stlth  ++........               (no ring)
                                (no ring)
                                (no ring)
                                (no ring)
                                (no ring)

@: spider-form (expiring)
A: almost no armour, stealthy swim, (amphibious), 8 rings, (constrict 8),
(camouflage 0), (gelatinous body 0)
a: End Transformation


You were on level 4 of the Dungeon.
You were very hungry.
You were a venomous arachnid creature.
You visited 1 branch of the dungeon, and saw 5 of its levels.

You collected 94 gold pieces.

Inventory:

Missiles
 a - 28 arrows
Jewellery
 e - a +2 ring of strength (left front leg)
Wands
 l - a wand of lightning (9/15)
Scrolls
 i - a scroll of random uselessness {unknown}
 j - a scroll of teleportation {unknown}
 o - a scroll of identify {unknown}
 p - a scroll of recharging {unknown}
Potions
 f - a potion of curing {unknown}
 h - a potion of lignification {unknown}
 m - a potion of heal wounds {unknown}
 n - a potion of resistance {unknown}
Books
 b - a book of Changes

   Spells                             Type                      Level
   a - Beastly Appendage              Transmutation                1
   b - Sticks to Snakes               Transmutation                2
   c - Spider Form                    Transmutation/Poison         3
   d - Ice Form                       Ice/Transmutation            4
   e - Blade Hands                    Transmutation                5
Comestibles
 c - 2 bread rations
 d - a meat ration


   Skills:
 + Level 3.0 Fighting
 + Level 3.1 Dodging
 * Level 4.7 Unarmed Combat
 + Level 3.0 Spellcasting
 * Level 4.6 Transmutations


You had 6 spell levels left.
You knew the following spells:

 Your Spells              Type           Power        Failure   Level  Hunger
a - Beastly Appendage     Tmut           ###...       12%         1    #......
d - Sticks to Snakes      Tmut           ###.....     17%         2    ##.....
e - Spider Form           Tmut/Pois      #.........   45%         3    ###....


Dungeon Overview and Level Annotations

Branches:
Dungeon (5/15)
 Temple: D:4-7

Altars:

Annotations:
D:1 1 runed door
D:4 Pikel


Innate Abilities, Weirdness & Mutations

You cannot wear most types of armour.
You are very stealthy in the water.
((You are amphibious.))
You can wear up to eight rings at the same time.
((You can use your tentacles to constrict eight enemies at once.))
((Your skin changes colour to match your surroundings (Stealth+).))
((Your rubbery body absorbs attacks. (AC +1, EV +1)))


Message History

Unknown command.
You hit Pikel but do no damage.
Pikel looks as sick as possible!
Pikel is severely wounded.
Your transformation is almost over.
The wight completely misses you. Pikel hits you with a whip of flaming!
* * * LOW HITPOINT WARNING * * *
Pikel burns you.
* * * LOW HITPOINT WARNING * * *
You barely miss Pikel.
Pikel is severely wounded.
The wight hits you but does no damage. Pikel hits you with a whip of flaming.
* * * LOW HITPOINT WARNING * * *
Pikel burns you.
* * * LOW HITPOINT WARNING * * *
Unknown command.
It was a potion of degeneration.
There was something very wrong with that liquid.
You feel weakened.
You feel dopey.
You feel clumsy. The wight hits you with a scimitar!
You die...

#..##
...#.........###...#....##
##..###.#
#.......<...).........#
##.#...#
#...........#######.... #...#
#.........#.#### #.... ##..###
#.........#....# #....
#....###.........####.####.#.#
##...#...###########.......#..
##..#...########....<####..##
#..#......zsK...###.## ##.#.
###.......#########....####...
#........## #..K>....#..
#....#...# #....###....
#....#...# #......K...#
#....#...# #..%.###.#.#
#....#...# #...........
#....##### #....##..... #....
########%...


You could see Pikel and a wight.

Vanquished Creatures
  A sky beast (D:5)
  2 ogres
  A wight (D:4)
  A howler monkey (D:5)
  2 hounds (D:4)
  An orc wizard (D:5)
  A worker ant (D:4)
  3 adders
  A worm (D:4)
  A dart slug (D:2)
  A giant gecko (D:2)
  A goblin (D:1)
  A hobgoblin (D:1)
  3 jackals
  A giant newt (D:4)
  3 rats
24 creatures vanquished.

Vanquished Creatures (collateral kills)
  A worker ant (D:4)
  An orc (D:4)
2 creatures vanquished.

Grand Total: 26 creatures vanquished

Notes
Turn   | Place    | Note
-------+----------+-------------------------------------------
     0 | D:1      | Amnesiac the Octopode Transmuter began the quest for the Orb.
     0 | D:1      | Reached XP level 1. HP: 13/13 MP: 3/3
     1 | D:1      | Found a runed door.
   239 | D:2      | Reached XP level 2. HP: 13/18 MP: 5/5
   267 | D:2      | Learned a level 2 spell: Sticks to Snakes
   588 | D:4      | Noticed a slave
   589 | D:4      | Noticed a slave
   590 | D:4      | Noticed a slave
   593 | D:4      | Noticed Pikel
   593 | D:4      | Noticed a slave
   730 | D:4      | Reached XP level 3. HP: 24/24 MP: 3/6
   735 | D:4      | Learned a level 3 spell: Spider Form
   761 | D:4      | Noticed an ogre
   788 | D:4      | Killed an ogre
   788 | D:4      | Reached XP level 4. HP: 29/29 MP: 2/7
   843 | D:4      | Reached XP level 5. HP: 31/35 MP: 8/8
  1126 | D:5      | Entered Level 5 of the Dungeon
  1349 | D:5      | Reached XP level 6. HP: 41/41 MP: 5/9
  1507 | D:5      | Noticed a sky beast
  1534 | D:5      | Killed a sky beast
  1585 | D:5      | Reached XP level 7. HP: 43/46 MP: 7/11
  1880 | D:4      | Slain by a wight

Vault maps used:
D:1:      dpeg_arrival_caged_fury
D:2:      nicolae_tso_carved_into_rock, minmay_heptomino_o4, uniq_sigmund
D:3:      grunt_qazlal_sundering, tgw_trog
D:4:      first_bread, uniq_pikel
D:5:      kennysheep_six_static_rooms, st_stairs_10

Skill      XL: |  1  2  3  4  5  6  7 |
---------------+----------------------+-----
Transmutations | 3 4 |  4.6
Fighting       | 2 3 |  3.0
Unarmed Combat | 4 |  4.7
Dodging        | 3 |  3.1
Spellcasting   | 3 |  3.0

Action                   |  1- 3 |  4- 6 |  7- 9 || total
-------------------------+-------+-------+-------++-------
Melee: Unarmed           |    32 |    58 |    19 ||   109
       Constrict         |     6 |     5 |     1 ||    12
       Kick              |     3 |       |       ||     3
       Tentacles         |     4 |     3 |     1 ||     8
       Punch             |       |       |     1 ||     1
 Cast: Beastly Appendage |     3 |       |       ||     3
       Sticks to Snakes  |     3 |     1 |       ||     4
       Spider Form       |     1 |     9 |     1 ||    11
  Use: Potion            |       |       |     1 ||     1
 Stab: Sleeping          |       |     1 |       ||     1
  Eat: Chunk             |       |     4 |       ||     4
Armor: Skin              |       |     6 |     1 ||     7
Dodge: Dodged            |    21 |    45 |    12 ||    78
